 Dungeon Crawl Stone Soup version 0.20.0-6-gd3061e9 (webtiles) character file.

51 manyhoops the Chucker (level 3, -2/36 HPs)
             Began as an Ogre Hunter on May 28, 2017.
             Slain by Grinder (8 damage)
             ... while paralysed by Grinder
             ... on level 3 of the Dungeon.
             The game lasted 00:03:13 (1717 turns).

manyhoops the Chucker (Ogre Hunter)                 Turns: 1717, Time: 00:03:14

Health: -2/36      AC:  4    Str: 17    XL:     3   Next: 81%
Magic:  3/3        EV:  1    Int: 12    God:
Gold:   102        SH:  0    Dex:  9    Spells: 0/2 levels left

rFire    . . .     SeeInvis .   r - +0 flail
rCold    + . .     Gourm    .   (no shield)
rNeg     . . .     Faith    .   e - +1 robe {rC+}
rPois    .         Spirit   .   (helmet restricted)
rElec    .         Reflect  .   (no cloak)
rCorr    .         Harm     .   (gloves unavailable)
MR       .....                  (boots unavailable)
Stlth    +.........             (no amulet)
Regen    0.2/turn               (no ring)
MPRegen  0.1/turn               (no ring)

@: paralysed
A: unfitting armour, tough skin 1
a: no special abilities


You were on level 3 of the Dungeon.
You were hungry.

You visited 1 branch of the dungeon, and saw 3 of its levels.

You collected 102 gold pieces.

Inventory:

Hand Weapons
 r - a +0 flail (weapon)
Armour
 e - a +1 robe of cold resistance (worn)
Scrolls
 b - a scroll of blinking
 j - a scroll of amnesia
 k - 2 scrolls of remove curse
 m - 2 scrolls of recharging
 o - a scroll of teleportation
 p - a scroll of fear
 q - a scroll of magic mapping
Potions
 h - 4 potions of curing
 l - a potion of ambrosia {unknown}
 n - a potion of berserk rage {unknown}
 s - a potion of invisibility {unknown}
 t - a potion of agility
Books
 a - a book of Minor Magic

   Spells                             Type                      Level
   a - Magic Dart                     Conjuration                  1
   b - Blink                          Translocation                2
   c - Call Imp                       Summoning                    2
   d - Slow                           Hexes                        2
   e - Conjure Flame                  Conjuration/Fire             3
   f - Mephitic Cloud                 Conjuration/Poison/Air       3
Comestibles
 f - 2 bread rations
 i - 3 royal jellies


   Skills:
 - Level 2.6 Fighting
 + Level 3.0 Maces & Flails
 - Level 4.0 Throwing
 - Level 1.7 Dodging
 - Level 0.6 Stealth


You couldn't memorise any spells.
You knew the following spells:

 Your Spells              Type           Power        Failure   Level  Hunger
a - Blink                 Tloc           N/A          45%         2    ###....


Dungeon Overview and Level Annotations

Branches:
Dungeon (3/15)

Altars:
Elyvilon
Makhleb
Okawaru

Annotations:
D:3 Grinder


Innate Abilities, Weirdness & Mutations

You are too large for most types of armour.
You have tough skin. (AC +1)


Message History

Grinder is moderately wounded.
Grinder blinks!
Throwing (i - inventory):
d - a throwing net (quivered)
Press: ? - help, Shift-Dir - straight line, f/p - Grinder
Aim: Grinder (moderately wounded)
You throw a throwing net.
The throwing net closely misses Grinder.
Grinder gestures at you. You resist with significant effort. Grinder hits you!
* * * LOW HITPOINT WARNING * * *
You writhe in agony.
* * * LOW HITPOINT WARNING * * *
You see here a club.
Grinder gestures at you.
You suddenly lose the ability to move!
Grinder gestures at you.
You shrug off the repeated paralysis!
Grinder hits you!
You die...

## ####### #.# #.. ......
.. #.# #.# #...# #. #.###
#.####.(.##.#.### ##(..##
#.##.(.(... .>. .....##
#>.......# #.# ##.....#
#.##.#...#####.# ##.......
#.....(..5@....## #......?.
#.##..(.###.....####.......
#.####..# #.....##.....<..#
#.####..# #................
#.......###.....##...##.###
###......##...<.#####.....
##.##.#.######## .#.#.#
#...#.#.# .#.#.# #.#...#.#
.# #


You could see Grinder.

Vanquished Creatures
  2 adders (D:2)
  A dart slug (D:1)
  3 leopard geckos
  A bat (D:2)
  A giant cockroach (D:1)
  4 goblins
  6 hobgoblins
  2 kobolds
  A quokka (D:2)
  A frilled lizard (D:2)
  4 rats
26 creatures vanquished.

Notes
Turn   | Place    | Note
-------+----------+-------------------------------------------
     0 | D:1      | manyhoops the Ogre Hunter began the quest for the Orb.
     0 | D:1      | Reached XP level 1. HP: 22/22 MP: 1/1
    99 | D:1      | Reached skill level 1 in Maces & Flails
   158 | D:1      | Reached XP level 2. HP: 24/29 MP: 2/2
   742 | D:2      | Reached XP level 3. HP: 29/36 MP: 3/3
  1204 | D:2      | Found a white marble altar of Elyvilon.
  1254 | D:2      | Found a burning altar of Makhleb.
  1256 | D:2      | Found an iron altar of Okawaru.
  1477 | D:3      | Learned a level 2 spell: Blink
  1686 | D:3      | Noticed Grinder
  1693 | D:3      | Paralysed by Grinder for 5 turns
  1714 | D:3      | Paralysed by Grinder for 7 turns
  1717 | D:3      | Slain by Grinder

Skill      XL: |  1  2  3 |
---------------+----------+-----
Maces & Flails | 1 2 3 |  3.0
Fighting       | |  2.6
Throwing       | |  4.0
Dodging        | |  1.7
Stealth        | |  0.6

Action                   || total
-------------------------++-------
Melee: Mace              ||    63
       Flail             ||    31
Throw: Large rock        ||    14
       Throwing net      ||     2
  Use: Scroll            ||     8
       Potion            ||     1
  Eat: Chunk             ||     2
Armor: Robe              ||    31
Dodge: Dodged            ||    69
